 Dungeon Crawl Stone Soup version 0.31-a0-819-gf6de2f5ab6 (webtiles) character file.

Game seed: 6216615330936031381

100 qw the Shooter (level 4, -8/28 HPs)
             Began as a Gargoyle Hunter on Sept 23, 2023.
             Killed by divine providence
             ... invoked by an orc priest
              (12 damage)
             ... on level 3 of the Dungeon.
             The game lasted 00:00:47 (1616 turns).

qw the Shooter (Gargoyle Hunter)                    Turns: 1616, Time: 00:00:47

Health: -8/28      AC: 11    Str: 15    XL:     4   Next: 74%
Magic:  4/4        EV: 11    Int:  9    God:
Gold:   48         SH:  0    Dex: 15    Spells: 3/3 levels left

rFire   . . .        Y - +0 shortbow
rCold   . . .        (shield currently unavailable)
rNeg    + . .        g - +0 ring mail
rPois   inf          (no helmet)
rElec   +            (no cloak)
rCorr   .            (no gloves)
SInv    .            d - +2 pair of boots
Will    .....        (no amulet)
Stlth   +            (no ring)
HPRegen 0.24/turn    (no ring)
MPRegen 0.09/turn

%: no passive effects
@: no status effects
A: sickness immunity, AC +3, negative energy resistance 1, electricity
resistance, torment resistance 1, petrification resistance
a: no special abilities


You were on level 3 of the Dungeon.
You visited 1 branch of the dungeon, and saw 3 of its levels.

You collected 48 gold pieces.


Innate Abilities, Weirdness & Mutations

You are immune to sickness and miasma.
Your stone body is resilient. (AC +3)
You are immune to poison.
You resist negative energy. (rN+)
You are resistant to electric shocks. (rElec)
You are resistant to unholy torment.
You are immune to petrification.


   Skills:
 - Level 3.0 Fighting
 + Level 5.5 Ranged Weapons
 - Level 1.0 Armour
 - Level 1.5 Dodging
 - Level 1.1 Stealth


You had 3 spell levels left.
You didn't know any spells.
Your spell library was empty.

Inventory:

Hand Weapons
 Y - a +0 shortbow (weapon)
Armour
 d - a +2 pair of boots (worn)
 g - a +0 ring mail (worn)
Jewellery
 c - a ring of see invisible
Scrolls
 e - 2 scrolls of identify
Potions
 a - a potion of cancellation {unknown}
 b - a potion of heal wounds {unknown}
 f - a potion of brilliance {unknown}

Dungeon Overview and Level Annotations

Branches:
Dungeon (3/15)

Altars:
Yredelemnul


Message History

The orc barely misses you.
You shoot an arrow. The arrow hits the orc.
You kill the orc!
You shoot an arrow.
The arrow hits the orc but does no damage.
The orc closely misses you.
You shoot an arrow. The arrow hits the orc.
The orc is moderately wounded.
The orc hits you with a +0 hand axe.
The orc priest calls upon Beogh to heal the orc.
The orc's wounds heal themselves!
You shoot an arrow.
The arrow hits the orc but does no damage.
1611 |||
Found retreat position at -1,-2 (floor) with 0 blocking monsters and 1 monsters attacking at destination at distance 2
1611 ||| Stepping ~*~*~tactically~*~*~ (retreating).
The orc hits you but does no damage.
The orc priest attacks as it pursues you!
The orc priest hits you with a +0 club.
1612 |||
Found retreat position at 0,-1 (floor) with 0 blocking monsters and 1 monsters attacking at destination at distance 1
1612 ||| Stepping ~*~*~tactically~*~*~ (retreating).
The orc attacks as it pursues you! The orc hits you but does no damage.
You shoot an arrow. The arrow hits the orc.
The orc is lightly wounded.
The orc hits you but does no damage.
The orc priest calls down the wrath of Beogh upon you.
Beogh smites you! The orc misses you.
You shoot an arrow. The arrow closely misses the orc.
The arrow completely misses the orc priest.
The orc misses you.
The orc priest calls upon Beogh to heal the orc.
The orc's wounds heal themselves!
You shoot an arrow.
The arrow hits the orc but does no damage.
The orc hits you with a +0 hand axe.
The orc priest miscasts a cantrip.
You shoot an arrow. The arrow hits the orc.
You kill the orc!
The orc priest calls down the wrath of Beogh upon you.
Beogh smites you!
You die...

#.#...?...>..<##.#
#..##........## .
##%##.#.....##
#.##........
#..########. ##..#
# ##.# #.# #@#
#O## #o.# ##S#
#g).o.# ####.....
.?..


Jg. oO You could see an ogre, an orc priest, a hobgoblin and a ball python.

Vanquished Creatures
  2 adders
  A gnoll (D:1)
  2 worms (D:2)
  3 dart slugs
  2 orcs (D:3)
  4 ball pythons
  6 bats
  3 endoplasms (D:2)
  4 giant cockroaches
  10 goblins
  3 hobgoblins (D:1)
  6 kobolds
  2 quokkas
  7 frilled lizards
  5 rats
60 creatures vanquished.

Notes
Turn   | Place    | Note
-------+----------+-------------------------------------------
     0 | D:1      | qw the Gargoyle Hunter began the quest for the Orb.
     0 | D:1      | Reached XP level 1. HP: 12/12 MP: 1/1
     0 | D:1      | 0 ||| qw: Version: 0.3-a-83-gcd0e7d8
     0 | D:1      | 0 ||| qw: Game counter: 1652
     0 | D:1      | 0 ||| qw: Melee chars always use a shield: true
     0 | D:1      | 0 ||| qw: God list: Okawaru
     0 | D:1      | 0 ||| qw: Allow faded altars: false
     0 | D:1      | 0 ||| qw: Do Orc after clearing Dungeon:15 true
     0 | D:1      | 0 ||| qw: Do second Lair branch before Depths: true
     0 | D:1      | 0 ||| qw: Lair rune preference: random
     0 | D:1      | 0 ||| qw: Goals: Normal
     0 | D:1      | 0 ||| PLANNING D:1-11
    56 | D:1      | Reached XP level 2. HP: 17/17 MP: 2/2
   321 | D:1      | Reached skill level 5 in Ranged Weapons
   321 | D:1      | Reached XP level 3. HP: 21/21 MP: 3/3
   826 | D:1      | 826 ||| UPGRADING to +0 ring mail.
   836 | D:1      | 836 ||| DROPPING +0 leather armour.
   837 | D:1      | 837 ||| READING scroll labelled ZYDUCA UCAUBI.
   838 | D:1      | 838 ||| READING scroll labelled QIFAD AZYIP.
   839 | D:1      | 839 ||| READING scroll labelled EFOWIG ALERIUCUI.
   840 | D:1      | 840 ||| READING scroll labelled UCZUEGR AMEYQO.
   845 | D:1      | 845 ||| DROPPING scroll of butterflies.
   884 | D:2      | Reached skill level 1 in Armour
   884 | D:2      | Reached XP level 4. HP: 27/27 MP: 4/4
   934 | D:2      | Reached skill level 3 in Fighting
   939 | D:2      | Found a basalt altar of Yredelemnul.
  1401 | D:2      | 1401 ||| UPGRADING to +2 pair of boots.
  1406 | D:2      | 1406 ||| READING scroll labelled BAL JAPPUWEFAEPA.
  1461 | D:3      | 1461 ||| STAIRDANCE
  1470 | D:3      | 1470 ||| STAIRDANCE
  1494 | D:3      | 1494 ||| STAIRDANCE
  1508 | D:3      | 1508 ||| STAIRDANCE
  1530 | D:3      | 1530 ||| STAIRDANCE
  1597 | D:3      | Noticed an ogre
  1598 | D:3      | 1598 ||| Stepping ~*~*~tactically~*~*~ (retreating).
  1611 | D:3      | 1611 ||| Stepping ~*~*~tactically~*~*~ (retreating).
  1612 | D:3      | 1612 ||| Stepping ~*~*~tactically~*~*~ (retreating).
  1615 | D:3      | HP: 4/28 [orc/+0 hand axe (5)]
  1616 | D:3      | Killed from afar by an orc priest

Levels and vault maps discovered:
D:1:      erik_arrival_triangle_large, layout_basic
D:2:      layout_loops_ring, basic_altar, minmay_stone_trees_medium
D:3:      layout_rooms, ebering_ecumenical_altar_petrified

Skill      XL: |  1  2  3  4 |
---------------+-------------+-----
Ranged Weapons | 5 |  5.5
Armour         | 1 |  1.0
Fighting       | 3 |  3.0
Dodging        | |  1.5
Stealth        | |  1.1

Action                     |  1- 3 |  4- 6 || total
---------------------------+-------+-------++-------
   Fire: Shortbow          |   105 |    94 ||   199
    Use: Scroll            |     4 |     1 ||     5
 Armour: Leather armour    |    57 |       ||    57
         Ring mail         |     4 |    52 ||    56
  Dodge: Dodged            |    32 |    37 ||    69

Table legend:
 A = Non-vault XP
 B = Vault XP
 C = Vault XP percentage of total XP
 D = Non-vault monster count
 E = Vault monster count
 F = Vault count percentage of total count
                 A         B        C        D         E       F
            +---------+---------+-------+---------+---------+-------
      Total |     147 |       0 |   0.0 |      60 |       0 |   0.0
            +---------+---------+-------+---------+---------+-------
        D:1 |      70 |       0 |   0.0 |      34 |       0 |   0.0
        D:2 |      53 |       0 |   0.0 |      19 |       0 |   0.0
        D:3 |      24 |       0 |   0.0 |       7 |       0 |   0.0
            +---------+---------+-------+---------+---------+-------
